 Dungeon Crawl Stone Soup version 0.17.0-73-gb648821 (webtiles) character file.

329 tof the Ducker (level 6, -6/61 HPs)
             Began as a Troll Berserker on Dec 10, 2015.
             Was a Priest of Trog.
             Mangled by Menkaure (21 damage)
             ... on level 4 of the Dungeon.
             The game lasted 00:20:10 (2509 turns).

tof the Ducker (Troll Berserker)                    Turns: 2509, Time: 00:20:10

Health: -6/61      AC:  6    Str: 26      XL:     6   Next: 25%
Magic:  5/5        EV: 11    Int:  3 (4)  God:    Trog [***...]
Gold:   186        SH:  0    Dex: 10      Spells: 0 memorised, 5 levels left

rFire  . . .     SeeInvis .     a - +0 falchion
rCold  + . .     Clarity  .     b - +1 animal skin
rNeg   . . .     SustAt   .     (no shield)
rPois  .         Gourm    +     (helmet restricted)
rElec  .         Spirit   .     (no cloak)
rCorr  .         Warding  .     (gloves unavailable)
rMut   .         Stasis   .     (boots unavailable)
MR     .....                    (no amulet)
Stlth  +.........               (no ring)
                                d - ring of protection from cold

@: exhausted, slowed, very slow, not resistant to hostile enchantments, very
unstealthy
A: unfitting armour, claws 3, fast metabolism 3, gourmand, regeneration 2,
shaggy fur 1, tough skin 2
a: Berserk, Trog's Hand, Burn Spellbooks, Renounce Religion


You were on level 4 of the Dungeon.
You worshipped Trog.
Trog was most pleased with you.
You were very full.

You visited 1 branch of the dungeon, and saw 4 of its levels.

You collected 186 gold pieces.

Inventory:

Hand Weapons
 a - a +0 falchion (weapon)
 l - a +0 short sword of protection
Armour
 b - a +1 animal skin (worn)
Jewellery
 d - a ring of protection from cold (left claw)
Wands
 o - a wand of magic darts (28)
Scrolls
 g - a scroll of identify
 i - a scroll of teleportation
 n - 2 scrolls of remove curse
Potions
 e - a potion of heal wounds
Comestibles
 c - 5 bread rations
 f - 2 beef jerkies
 h - 2 chunks of flesh
 j - 2 meat rations
 k - 4 fruits


   Skills:
 + Level 3.4 Fighting
 + Level 1.0(2.3) Short Blades
 + Level 3.3(3.4) Long Blades
 + Level 4.4 Dodging
 + Level 0.5 Stealth


You had 5 spell levels left.
You didn't know any spells.

Dungeon Overview and Level Annotations

Branches:
Dungeon (4/15)
 Temple: D:4-7

Altars:
Gozag
Kikubaaqudgha

Shops:
D:4 [

Annotations:
D:4 Menkaure


Innate Abilities, Weirdness & Mutations

You are too large for most types of armour.
You have claws for hands.
Your metabolism is lightning-fast.
You like to eat raw meat.
You heal very quickly.
You are covered in fur (AC +1).
You have very tough skin (AC +2).


Message History

The adder skeleton barely misses you.
You hit the adder skeleton. The adder skeleton bites you.
The adder skeleton closely misses you.
You hit the adder skeleton. The adder skeleton barely misses you.
The adder skeleton bites you but does no damage.
Menkaure closely misses you.
You hit the adder skeleton. Menkaure barely misses you.
The adder skeleton misses you.
The adder skeleton bites you but does no damage.
Menkaure hits you!
You slash the adder skeleton!
You destroy the adder skeleton!
Menkaure hits you!
* * * LOW HITPOINT WARNING * * *
The worker ant closely misses you. Menkaure hits you but does no damage.
The worker ant barely misses you.
You closely miss the worker ant.
The worker ant is heavily wounded.
Menkaure hits you!!
You die...

#
#........w.#.#.####.#....##...
#..........#.#.# .#
#.....(...<..#.####.)
##.........#......#
#.........#....#.#
#.........#....#
#............#.#
#.........####w#
#..........M@a.#
#######.#.###### #. #


You could see Menkaure, a worm and a worker ant.

Vanquished Creatures
  2 ogres (D:4)
  An orc priest (D:3)
  4 adders
  2 oozes (D:2)
  3 adder skeletons (D:4)
  2 worms (D:3)
  5 giant geckos
  4 orcs (D:3)
  6 giant cockroaches
  11 goblins
  8 hobgoblins
  8 kobolds
  2 quokkas (D:2)
  2 ball pythons (D:1)
  3 bats
  3 giant newts
  7 jackals
  8 rats
81 creatures vanquished.

Notes
Turn   | Place    | Note
--------------------------------------------------------------
     0 | D:1      | tof the Troll Berserker began the quest for the Orb.
     0 | D:1      | Reached XP level 1. HP: 22/22 MP: 0/0
   217 | D:1      | Reached XP level 2. HP: 26/29 MP: 1/1
   333 | D:1      | Lost intelligence.
   906 | D:2      | Reached XP level 3. HP: 31/36 MP: 2/2
   983 | D:2      | Reached ** piety under Trog
  1022 | D:2      | Reached skill level 3 in Dodging
  1264 | D:2      | Reached XP level 4. HP: 44/44 MP: 3/3
  1366 | D:2      | Found an opulent altar of Gozag.
  1941 | D:3      | Reached XP level 5. HP: 53/53 MP: 4/4
  2214 | D:4      | Noticed an ogre
  2224 | D:4      | Killed an ogre
  2224 | D:4      | Reached skill level 4 in Dodging
  2316 | D:4      | Reached *** piety under Trog
  2331 | D:4      | Found Riyczumiqi's Antique Armour Emporium.
  2336 | D:4      | Noticed an ogre
  2373 | D:4      | Killed an ogre
  2373 | D:4      | Reached skill level 1 in Short Blades
  2373 | D:4      | Reached XP level 6. HP: 19/61 MP: 5/5
  2464 | D:4      | Noticed Menkaure
  2466 | D:4      | Found an ancient bone altar of Kikubaaqudgha.
  2509 | D:4      | Mangled by Menkaure

Action                   |  1- 3 |  4- 6 || total
-------------------------+-------+-------++-------
Melee: Falchion          |   204 |    91 ||   295
       Short sword       |       |    54 ||    54
Invok: Berserk           |     2 |     2 ||     4
       Trog's Hand       |     2 |     1 ||     3
Evoke: Wand              |       |     7 ||     7
  Use: Scroll            |     4 |     5 ||     9
       Potion            |     8 |     2 ||    10
 Stab: Sleeping          |       |     1 ||     1
  Eat: Chunk             |    22 |    13 ||    35
